 Dungeon Crawl Stone Soup version 0.32-a0-876-gcfddb08e57 (webtiles) character file.

Game seed: 378984193806224879

49 javelincjr the Shooter (level 3, 0/31 HPs)
             Began as a Minotaur Hunter on Apr 1, 2024.
             Slain by a gnoll
             ... wielding a +0 spear
              (8 damage)
             ... on level 2 of the Dungeon.
             The game lasted 00:03:48 (820 turns).

javelincjr the Shooter (Minotaur Hunter)             Turns: 820, Time: 00:03:49

Health: 0/31       AC:  4    Str: 15    XL:     3   Next: 53%
Magic:  2/2        EV: 11    Int:  6    God:
Gold:   69         SH:  5    Dex: 15    Spells: 2/2 levels left

rFire   . . .        a - +0 shortbow
rCold   . . .        (shield currently unavailable)
rNeg    . . .        c - +0 leather armour
rPois   .            (helmet restricted)
rElec   .            (no cloak)
rCorr   .            h - +0 pair of gloves
SInv    .            (no boots)
Will    .....        r - amulet of reflection
Stlth   ++           (no ring)
HPRegen 0.25/turn    (no ring)
MPRegen 0.08/turn

%: reflection
@: no status effects
A: horns 2, retaliatory headbutt
a: no special abilities


You were on level 2 of the Dungeon.
You visited 1 branch of the dungeon, and saw 2 of its levels.

You collected 69 gold pieces.

Inventory:

Hand Weapons
 a - a +0 shortbow (weapon)
Missiles
 e - 5 atropa-tipped darts
 n - 5 poisoned darts
Armour
 c - a +0 leather armour (worn)
 h - a +0 pair of gloves (worn)
 q - a +0 kite shield
Jewellery
 r - an amulet of reflection (around neck)
Scrolls
 b - a scroll of butterflies
 f - 2 scrolls of immolation {unknown}
 g - 2 scrolls of identify {unknown}
 i - a scroll of fog {unknown}
 j - a scroll of blinking {unknown}
Potions
 d - a potion of mutation {unknown}
 k - a potion of invisibility {unknown}
 l - a potion of curing {unknown}
 m - 2 potions of resistance {unknown}
 o - a potion of brilliance {unknown}
 p - 2 potions of attraction {unknown}


   Skills:
 * Level 3.5 Fighting
 + Level 4.7 Ranged Weapons
 + Level 2.8 Dodging
 + Level 1.5 Stealth


You had 2 spell levels left.
You didn't know any spells.
Your spell library was empty.

Dungeon Overview and Level Annotations

Branches:
Dungeon (2/15)

Altars:
Uskayaw

Shops:
D:2 [


Innate Abilities, Weirdness & Mutations

You have a pair of horns on your head.
You reflexively headbutt those who attack you in melee.


Message History

Fire: a) +0 shortbow
Press: ? - help, Q - select action, (/) - cycle Shift-Dir - straight line, f - gnoll, p - gnoll
Aim: a gnoll, wielding a +0 spear (65% to hit)
You shoot an arrow.
The arrow hits the gnoll but does no damage.
The gnoll is lightly wounded.
The gnoll barely misses you.
Fire: a) +0 shortbow
Press: ? - help, Q - select action, (/) - cycle Shift-Dir - straight line, f/p - gnoll
Aim: a gnoll, wielding a +0 spear (65% to hit)
You shoot an arrow. The arrow hits the gnoll!
The gnoll is heavily wounded.
You block the gnoll's attack. The gnoll hits you with a +0 club!
Fire: a) +0 shortbow
Press: ? - help, Q - select action, (/) - cycle Shift-Dir - straight line, f/p - gnoll
Aim: a gnoll, wielding a +0 spear (65% to hit)
You shoot an arrow. The arrow hits the gnoll.
The gnoll is severely wounded.
The gnoll misses you. The gnoll hits you with a +0 club.
* * * LOW HITPOINT WARNING * * *
The gnoll closely misses you. The gnoll hits you but does no damage.
Fire: a) +0 shortbow
Press: ? - help, Q - select action, (/) - cycle Shift-Dir - straight line, f/p - gnoll
Aim: a gnoll, wielding a +0 spear (65% to hit)
You shoot an arrow. The arrow hits the gnoll.
You kill the gnoll!
The gnoll barely misses you.
Fire: a) +0 shortbow
Press: ? - help, Q - select action, (/) - cycle Shift-Dir - straight line, f/p - gnoll
Aim: a gnoll, wielding a +0 spear (65% to hit)
You shoot an arrow. The arrow hits the gnoll.
The gnoll is lightly wounded.
The gnoll barely misses you.
Fire: a) +0 shortbow
Press: ? - help, Q - select action, (/) - cycle Shift-Dir - straight line, f/p - gnoll
Aim: a gnoll, wielding a +0 spear (lightly wounded, 65% to hit)
You shoot an arrow. The arrow hits the gnoll.
The gnoll is moderately wounded.
The gnoll hits you from afar with a +0 spear!
You die...

#.# #. #.g # ##.##### ..#
#.###.. . ####..##### #.#
..g.. #. #....##.).. #.#
#.##..g #.###.####.....
..#####...bS# #.....#
#...... >.......###.#
###..####...... .....##
#.).# ######..........>
..####
#.#g#####......###.......
..# #.#.bSg)@.######
#....... ..# . ##g######
###..... ..# ## #...#
####...... ..# .# ..#.#
####......... ..####.#
#####.# ##....##......
..#.... .# #[##
#..#####...... .....##.#
#..####.## #......
##......# #.#....#
##..... #....## #...####
......


You could see 2 gnolls, an adder, a goblin and a bat.

Vanquished Creatures
  A gnoll (D:2)
  An adder (D:2)
  2 dart slugs
  A ball python (D:1)
  2 bats (D:1)
  4 endoplasms
  3 hobgoblins
  5 kobolds
  A quokka (D:1)
  3 frilled lizards
  A rat (D:2)
24 creatures vanquished.

Notes
Turn   | Place    | Note
-------+----------+-------------------------------------------
     0 | D:1      | javelincjr the Minotaur Hunter began the quest for the Orb.
     0 | D:1      | Reached XP level 1. HP: 18/18 MP: 0/0
   123 | D:1      | Reached skill level 1 in Stealth
   175 | D:1      | Reached XP level 2. HP: 25/25 MP: 1/1
   532 | D:2      | Found Biskoma's Antique Armour Shoppe.
   572 | D:2      | Reached XP level 3. HP: 24/31 MP: 2/2
   616 | D:2      | Found a faded altar of an unknown god.
   680 | D:2      | Found a hide-covered altar of Uskayaw.
   820 | D:2      | Slain by a gnoll

Illustrated notes

Levels and vault maps discovered:
D:1:      wheals_arrival_shading, layout_rooms, minmay_strange_pillars,
          minmay_door_square, chequers_garden
D:2:      layout_rooms, ebering_ecumenical_altar_box, serial_shops,
          nicolae_shop_back_alley_shop, basic_altar

Skill      XL: |  1  2 |
---------------+-------+-----
Stealth        | 1 |  1.5
Fighting       | 3 |  3.5
Ranged Weapons | |  4.7
Dodging        | |  2.8

Action                     || total
---------------------------++-------
   Fire: Shortbow          ||    67
 Armour: Leather armour    ||    17
  Dodge: Dodged            ||    24
  Block: Other             ||     6
         Reflection        ||     1

Table legend: (Time is in decaauts)
 A = Elapsed time spent in this place.
 B = Non-inter-level travel time spent in this place.
 C = Inter-level travel time spent in this place.
 D = Time resting spent in this place.
 E = Time spent auto-exploring this place.
 F = Levels seen in this place.
 G = Mean time per level.
                   A        B        C        D        E       F      G
               +--------+--------+--------+--------+--------+-----+--------+
         Total |    832 |    832 |      0 |      0 |    607 |   2 |  416.0 |
       Dungeon |    832 |    832 |      0 |      0 |    607 |   2 |  416.0 |
               +--------+--------+--------+--------+--------+-----+--------+

Top non-repeatable levels by time:
     D:1: 505 daAuts
     D:2: 327 daAuts
